 Dungeon Crawl Stone Soup version 0.28-a0-1206-g193881aaa2 (webtiles) character file.

Game seed: 6704935041956614090

16 enile the Covered (level 2, -1/26 HPs)
             Began as a Naga Wanderer on Dec 20, 2021.
             Slain by a black bear (3 damage)
             ... on level 2 of the Dungeon.
             The game lasted 00:02:30 (1660 turns).

enile the Covered (Naga Wanderer)                   Turns: 1660, Time: 00:02:31

Health: -1/26      AC:  6    Str: 13    XL:     2   Next: 58%
Magic:  3/3        EV:  3    Int: 12    God:
Gold:   25         SH:  3    Dex: 11    Spells: 2/3 levels left

rFire   . . .      SeeInvis +   a - +0 club
rCold   . . .      Faith    .   g - +0 buckler
rNeg    . . .      Spirit   .   c - +0 chain mail
rPois   +          Reflect  .   (no helmet)
rElec   .          Harm     .   (no cloak)
rCorr   .          Rampage  .   (no gloves)
Will    .....                   (no barding)
Stlth   ..........              (no amulet)
HPRegen 0.08/turn               (no ring)
MPRegen 0.08/turn               (no ring)

@: very slow
A: AC +0, large, see invisible, deformed body, poison resistance, slowness 2,
spit poison 1, naga tail 1
a: Spit Poison


You were on level 2 of the Dungeon.
You visited 1 branch of the dungeon, and saw 2 of its levels.

You collected 25 gold pieces.

Inventory:

Hand Weapons
 a - a +0 club (weapon)
 e - a +0 hand axe of holy wrath
Armour
 c - a +0 chain mail (worn)
 g - a +0 buckler (worn)
Scrolls
 d - a scroll of holy word


   Skills:
 + Level 2.1 Fighting
 - Level 1.0 Throwing
 - Level 4.1 Armour
 - Level 1.0 Dodging
 - Level 1.0 Spellcasting
 - Level 1.0 Summonings
 - Level 1.0 Evocations


You had 2 spell levels left.
You knew the following spells:

 Your Spells              Type           Power      Damage    Failure   Level
a - Summon Small Mammal   Summ           12%        N/A       100%        1

Your spell library contained the following spells:

 Spells                   Type           Power      Damage    Failure   Level
 Call Canine Familiar     Summ           3%         N/A       100%        3


Dungeon Overview and Level Annotations

Branches:
Dungeon (2/15)

Altars:


Innate Abilities, Weirdness & Mutations

Your serpentine skin is tough. (AC +0)
You have supernaturally acute eyesight. (SInv)
Armour fits poorly on your strangely shaped body.
Your system is resistant to poisons. (rPois)
You cover ground very slowly.
You can spit poison.
You have a snake-like lower body.


Message History

The splash of poison hits the black bear.
The black bear is heavily wounded.
The black bear bites you but does no damage.
The black bear barely misses you.
The black bear claws you but does no damage.
Okay, then.
You feel better.
The black bear bites you but does no damage.
The black bear claws you.
The black bear claws you but does no damage.
You feel better. The black bear bites you. The black bear claws you.
The black bear claws you but does no damage.
Okay, then.
Okay, then.
You block the black bear's attack.
The black bear claws you but does no damage. x2
You have got your breath back.
The black bear bites you. The black bear claws you.
* * * LOW HITPOINT WARNING * * *
The black bear claws you but does no damage.
There is a stone staircase leading up here.
Aiming: Spit Poison (2% risk of failure)
Press: ? - help, Shift-Dir - straight line, f/p - black bear
Aim: a black bear (heavily wounded)
The splash of poison misses the black bear.
The black bear bites you but does no damage.
The black bear claws you.
* * * LOW HITPOINT WARNING * * *
The black bear claws you but does no damage.
The black bear bites you but does no damage.
The black bear claws you but does no damage. x2
You have got your breath back.
You block the black bear's attack. The black bear claws you.
* * * LOW HITPOINT WARNING * * *
The black bear claws you but does no damage.
A ball python comes into view.
Found 3 gold pieces.
The ball python hisses angrily.
The black bear bites you.
You die...

...... ..... ..
.... ... #. ## ...
#.# #. ... .. #.#
#. ..≈. #. #.# #.
#.≈≈ ##.## #.#
#.##..#≈≈
#..@###.#
#........
#..$.#.h##.#####.#
#...
##.....<...#.# #..
#..#####.##.## #.
#...## #.# .# ..
#### #.# .# # #.#
(# #.# .# #.# ..


You could see a black bear.

Vanquished Creatures
  An endoplasm (D:1)
  A giant cockroach (D:1)
  2 goblins (D:1)
  A hobgoblin (D:1)
  A jackal (D:1)
  2 quokkas (D:1)
  A ball python (D:1)
  A frilled lizard (D:1)
  3 kobolds (D:1)
  3 rats (D:1)
16 creatures vanquished.

Notes
Turn   | Place    | Note
-------+----------+-------------------------------------------
     0 | D:1      | enile the Naga Wanderer began the quest for the Orb.
     0 | D:1      | enile set off with the following items: a +0 club, a potion
                  | of curing, a +0 chain mail; and the following spell
                  | memorised: Summon Small Mammal; and the following spells
                  | available to memorise: Call Canine Familiar
     0 | D:1      | Reached XP level 1. HP: 15/15 MP: 2/2
   288 | D:1      | Reached skill level 1 in Fighting
   472 | D:1      | Reached XP level 2. HP: 19/25 MP: 3/3
  1639 | D:2      | Noticed a black bear
  1660 | D:2      | Slain by a black bear

Illustrated notes

Levels and vault maps discovered:
D:1:      co_arrival_random_square_maze, layout_loops_ring, minmay_unequal
D:2:      layout_loops_ring, serial_rivers, chequers_serial_rivers_micro_b,
          chequers_serial_rivers_micro_e, chequers_serial_rivers_small_a,
          chequers_serial_rivers_marsh,
          shapermc_ecumenical_altar_mp_urbaneastern, minmay_fountain_box,
          chequers_serial_rivers_room_a, uniq_sigmund

Skill      XL: |  1  2 |
---------------+-------+-----
Fighting       | 1 2 |  2.1
Throwing       | |  1.0
Armour         | |  4.1
Dodging        | |  1.0
Spellcasting   | |  1.0
Summonings     | |  1.0
Evocations     | |  1.0

Action                   || total
-------------------------++-------
Melee: Club              ||    88
 Abil: Spit Poison       ||     4
  Use: Scroll            ||     2
       Potion            ||     2
Armor: Chain mail        ||    89
Dodge: Dodged            ||    37
Block: Buckler           ||     8

Table legend: (Time is in decaauts)
 A = Elapsed time spent in this place.
 B = Non-inter-level travel time spent in this place.
 C = Inter-level travel time spent in this place.
 D = Time resting spent in this place.
 E = Time spent auto-exploring this place.
 F = Levels seen in this place.
 G = Mean time per level.
                   A        B        C        D        E       F      G
               +--------+--------+--------+--------+--------+-----+--------+
         Total |   1974 |   1906 |     68 |      0 |   1686 |   2 |  987.0 |
       Dungeon |   1974 |   1906 |     68 |      0 |   1686 |   2 |  987.0 |
               +--------+--------+--------+--------+--------+-----+--------+

Top non-repeatable levels by time:
     D:1: 1942 daAuts
     D:2: 31 daAuts
